 Dungeon Crawl Stone Soup version 0.18.1-50-g88ac8fd (webtiles) character file.

2260 RudyRod the Covert (level 9, -3/79 HPs)
             Began as a Naga Fighter on Oct 12, 2016.
             Slain by a killer bee (6 damage)
             ... on level 8 of the Dungeon.
             The game lasted 00:37:24 (9650 turns).

RudyRod the Covert (Naga Fighter)                   Turns: 9650, Time: 00:37:24

Health: -3/79      AC:  7    Str: 21    XL:     9   Next: 38%
Magic:  9/9        EV: 10    Int:  8    God:
Gold:   473        SH: 11    Dex: 12    Spells: 0 memorised, 8 levels left

rFire  + . .     SeeInvis +     p - +1 short sword (speed)
rCold  + . .     Gourm    +     l - +1 leather armour
rNeg   . . .     Faith    .     c - +1 shield
rPois  +         Spirit   .     D - +0 helmet
rElec  +         Dismiss  .     (no cloak)
rCorr  +         Reflect  .     (no gloves)
SustAt .         Harm     .     (no barding)
MR     +....                    w - amulet of the gourmand
Stlth  +++++.....               (no ring)
                                d - ring of stealth

@: resistant, very slow, somewhat resistant to hostile enchantments, quite
stealthy
A: see invisible, deformed body, poison resistance, slowness 2, slow metabolism
1, spit poison 2, AC +3
a: Spit Poison


You were on level 8 of the Dungeon.
You were full.

You visited 2 branches of the dungeon, and saw 9 of its levels.

You collected 473 gold pieces.

Inventory:

Hand Weapons
 a - a +1 long sword
 e - a +0 vampiric short sword
 m - a +1 dagger of venom
 p - a +1 short sword of speed (weapon)
Armour
 b - a +0 scale mail
 c - a +1 shield (worn)
 l - a +1 leather armour (worn)
 A - a +0 chain mail of poison resistance
 D - a +0 helmet (worn)
Jewellery
 d - a ring of stealth (left hand)
 o - a +4 amulet of reflection
 w - an amulet of the gourmand (around neck)
 L - an uncursed amulet of faith {unknown}
Scrolls
 g - 8 scrolls of remove curse
 j - a scroll of fog
 k - 2 scrolls of recharging
 x - a scroll of enchant weapon
 B - 2 scrolls of amnesia {unknown}
 E - a scroll of identify
 F - a scroll of immolation {unknown}
Potions
 q - a potion of agility {unknown}
 r - a potion of cancellation {unknown}
 s - a potion of mutation {unknown}
 u - 2 potions of ambrosia {unknown}
 v - 2 potions of flight {unknown}
 C - 5 potions of curing
 H - a potion of invisibility {unknown}
 K - a potion of resistance
Books
 h - a book of Fire

   Spells                             Type                      Level
   a - Ignite Poison                  Fire/Transmutation/Poison    3
   b - Fireball                       Conjuration/Fire             5
   c - Bolt of Fire                   Conjuration/Fire             6
   d - Delayed Fireball               Conjuration/Fire             7
   e - Ring of Flames                 Charms/Fire                  7
 t - a Necronomicon

   Spells                             Type                      Level
   a - Haunt                          Necromancy/Summoning         7
   b - Borgnjor's Revivification      Necromancy                   8
   c - Death's Door                   Charms/Necromancy            8
   d - Necromutation                  Transmutation/Necromancy     8
Comestibles
 f - 5 bread rations
 i - a slice of pizza
 n - a royal jelly
 z - 2 meat rations
 J - 3 fruits


   Skills:
 + Level 4.4 Fighting
 * Level 3.2(3.7) Short Blades
 + Level 2.6(3.4) Long Blades
 * Level 4.5 Armour
 * Level 5.0 Dodging
 * Level 8.4 Stealth
 * Level 5.2 Shields


You had 8 spell levels left.
You didn't know any spells.

Dungeon Overview and Level Annotations

Branches:
Dungeon (8/15)             Temple (1/1) D:6
   Lair: D:8-11

Altars:
Ashenzari
Dithmenos
Elyvilon
Fedhas
Kikubaaqudgha
Makhleb
Nemelex Xobeh
Okawaru
Qazlal
Ru
Sif Muna
Trog
Xom
Yredelemnul
Zin
The Shining One

Shops:
D:5 (


Innate Abilities, Weirdness & Mutations

You cannot wear boots.
Your serpentine skin is tough (AC +3).
You have supernaturally acute eyesight.
Armour fits poorly on your strangely shaped body.
Your system is resistant to poisons.
You cover ground very slowly.
You have a slow metabolism.
You can spit poison.


Message History

The hound looks frightened!
You hear an angry buzzing noise. x2
You block the killer bee's attack. The killer bee stings you.
* * * LOW HITPOINT WARNING * * *
You block the killer bee's attack. The killer bee stings you!
* * * LOW HITPOINT WARNING * * *
You block the killer bee's attack. The killer bee stings you!
* * * LOW HITPOINT WARNING * * *
The killer bee stings you but does no damage.
The killer bee rages.
You block the killer bee's attack.
Cornered, the killer bee turns to fight!
You block the killer bee's attack.
The killer bee stings you but does no damage.
You see here 11 stones.
The killer bee stings you.
* * * LOW HITPOINT WARNING * * *
The killer bee closely misses you. You block the killer bee's attack. x2
The killer bee stings you.
You die...

.y...yy## #†#...#
....$...####.....#
.y.........y.....#
......>......##..#
.............# ##
.......#'######.#
..............y.#
.#######.######.#
#.yy@.<# #...yy.#
##.....# #######


You could see 4 killer bees.

Vanquished Creatures
  A hungry ghost (D:7)
  Duvessa (D:3)
  An ice beast (D:5)
  A black bear (D:6)
  3 ogres
  A centaur (D:6)
  A giant frog (D:6)
  Dowan (D:3)
  2 scorpions
  A killer bee (D:8)
  4 crimson imps
  A giant frog zombie (D:5)
  A jelly (D:5)
  A hound (D:4)
  A gnoll shaman (D:6)
  5 orc priests
  3 giant frog skeletons
  5 orc wizards
  3 iguanas
  7 worker ants
  A killer bee zombie (D:5)
  2 hound skeletons
  7 gnolls
  10 adders
  2 oozes
  2 adder skeletons
  4 worms
  3 dart slugs
  3 giant geckos
  37 orcs
  3 giant cockroaches
  8 goblins
  4 hobgoblins
  7 jackals
  12 kobolds
  5 quokkas
  2 ball pythons
  6 bats
  A giant cockroach zombie (D:5)
  7 giant newts
  6 rats
176 creatures vanquished.

Notes
Turn   | Place    | Note
--------------------------------------------------------------
     0 | D:1      | RudyRod the Naga Fighter began the quest for the Orb.
     0 | D:1      | Reached XP level 1. HP: 21/21 MP: 1/1
   274 | D:1      | Reached skill level 1 in Stealth
   277 | D:1      | Reached XP level 2. HP: 25/28 MP: 2/2
  1112 | D:1      | Reached skill level 2 in Stealth
  1112 | D:1      | Reached XP level 3. HP: 20/34 MP: 3/3
  1324 | D:2      | Found a shadowy altar of Dithmenos.
  1327 | D:2      | Found a sparkling altar of Nemelex Xobeh.
  1328 | D:2      | Found a deep blue altar of Sif Muna.
  1339 | D:2      | Found a stormy altar of Qazlal.
  1340 | D:2      | Found a shattered altar of Ashenzari.
  1588 | D:2      | Reached XP level 4. HP: 35/42 MP: 4/4
  2172 | D:3      | Reached skill level 1 in Dodging
  2665 | D:3      | Found a blossoming altar of Fedhas.
  2665 | D:3      | Found an ancient bone altar of Kikubaaqudgha.
  3114 | D:4      | Reached XP level 5. HP: 27/49 MP: 5/5
  3119 | D:4      | Reached skill level 3 in Stealth
  3499 | D:4      | HP: 1/49 [iguana (3)]
  3806 | D:4      | Reached XP level 6. HP: 42/56 MP: 6/6
  3942 | D:4      | Noticed Dowan
  3947 | D:4      | Noticed Duvessa
  3969 | D:3      | Killed Duvessa
  3980 | D:3      | Killed Dowan
  4202 | D:4      | Reached skill level 4 in Stealth
  4202 | D:4      | Reached XP level 7. HP: 51/62 MP: 7/7
  5569 | D:5      | Entered Level 5 of the Dungeon
  5797 | D:5      | Reached XP level 8. HP: 53/72 MP: 8/8
  5930 | D:5      | Reached skill level 1 in Short Blades
  5962 | D:5      | Reached skill level 5 in Stealth
  6303 | D:5      | Found Necwued's Weapon Shop.
  6550 | D:5      | Reached skill level 6 in Stealth
  7477 | D:6      | Found a staircase to the Ecumenical Temple.
  7495 | D:6      | Reached skill level 7 in Stealth
  7503 | Temple   | Entered the Ecumenical Temple
  8200 | D:6      | Reached XP level 9. HP: 79/79 MP: 9/9
  8333 | D:6      | Reached skill level 5 in Shields
  8394 | D:6      | Reached skill level 8 in Stealth
  8568 | D:7      | Found a sacrificial altar of Ru.
  9572 | D:7      | Paralysed by fainting for 6 turns
  9586 | D:7      | Reached skill level 5 in Dodging
  9645 | D:8      | Noticed a queen bee
  9650 | D:8      | HP: 3/79 [killer bee (3)]
  9650 | D:8      | Slain by a killer bee

Skill      XL: |  1  2  3  4  5  6  7  8  9 |
---------------+----------------------------+-----
Stealth        | 1 2 3 4 7 8 |  8.4
Armour         | 3 4 |  4.5
Dodging        | 1 2 3 4 5 |  5.0
Shields        | 3 4 5 |  5.2
Fighting       | 4 |  4.4
Short Blades   | 2 3 |  3.2
Long Blades    | |  2.6

Action                   |  1- 3 |  4- 6 |  7- 9 || total
-------------------------+-------+-------+-------++-------
Melee: Long sword        |   110 |   182 |    60 ||   352
       Short sword       |       |       |   672 ||   672
 Abil: Spit Poison       |     3 |     4 |    13 ||    20
  Use: Potion            |     1 |     4 |     4 ||     9
       Scroll            |       |     7 |     6 ||    13
 Stab: Sleeping          |     3 |     3 |    27 ||    33
  Eat: Bread ration      |     1 |     1 |     1 ||     3
       Chunk             |       |       |    27 ||    27
       Meat ration       |       |       |     1 ||     1
Armor: Scale mail        |    19 |       |       ||    19
       Leather armour    |    10 |    37 |   138 ||   185
       Skin              |       |    19 |       ||    19
Dodge: Dodged            |    30 |    45 |   193 ||   268
Block: Shield            |    54 |   115 |   296 ||   465
